 Dungeon Crawl Stone Soup version 0.26.1-10-gdfb7c7de75 (webtiles) character file.

Game seed: 18311464679005666051

37 phalm the Skirmisher (level 3, -1/33 HPs)
             Began as a Draconian Chaos Knight on Apr 2, 2021.
             Was a Plaything of Xom.
             Slain by an adder (3 damage)
             ... on level 2 of the Dungeon.
             The game lasted 00:02:54 (1636 turns).

phalm the Skirmisher (Draconian Chaos Knight)       Turns: 1636, Time: 00:02:54

Health: -1/33      AC:  5    Str: 12 (14) XL:     3   Next: 21%
Magic:  3/3        EV: 12    Int:  9 (12) God:    Xom [......]
Gold:   62         SH:  0    Dex:  8 (11) Spells: 2/2 levels left

rFire    x . .     SeeInvis .   a - +0 falchion (chaos)
rCold    + . .     Faith    .   (no shield)
rNeg     . . .     Spirit   .   (armour unavailable)
rPois    .         Reflect  .   (helmet restricted)
rElec    .         Harm     .   (no cloak)
rCorr    .         Rampage  .   (no gloves)
Will     .....                  (no boots)
Stlth    +.........             (no amulet)
HPRegen  0.11/turn              c - ring of ice
MPRegen  0.08/turn              (no ring)

@: flying (expiring)
A: unfitting armour, cold-blooded, AC +5
a: Renounce Religion


You were on level 2 of the Dungeon.
You worshipped Xom.
You were a very special plaything of Xom.
You visited 1 branch of the dungeon, and saw 2 of its levels.

You collected 62 gold pieces.

Inventory:

Hand Weapons
 a - a +0 falchion of chaos (weapon)
 h - a +0 dagger
Jewellery
 c - a ring of ice (left hand)
Scrolls
 d - a scroll of fog {unknown}
 e - 2 scrolls of enchant armour {unknown}
 f - a scroll of blinking {unknown}
 g - 3 scrolls of amnesia {unknown}
 i - a scroll of identify {unknown}


   Skills:
 + Level 3.8 Fighting
 * Level 3.5 Long Blades
 + Level 2.6 Dodging


You had 2 spell levels left.
You didn't know any spells.
Your spell library was empty.

Dungeon Overview and Level Annotations

Branches:
Dungeon (2/15)

Altars:

Annotations:
D:2 Robin


Innate Abilities, Weirdness & Mutations

Your plain brown scales are hard. (AC +5)
You cannot fit into any form of body armour.
You are cold-blooded and may be slowed by cold attacks.


Message History

There was something very wrong with that liquid.
You feel weakened.
You feel dopey.
You feel clumsy.
Xom thinks this is hilarious!
You feel sick. The adder barely misses you.
Xom smirks.
You detect items!
You are now a very special plaything of Xom.
The adder barely misses you.
You feel sick.
You are no longer poisoned.
The adder completely misses you. The adder bites you.
* * * LOW HITPOINT WARNING * * *
You are starting to lose your buoyancy.
Xom chortles.
The goblin's +0 dagger is briefly surrounded by a scintillating aura of random colours.
The adder closely misses you.
The giant cockroach waves its antennae.
The adder bites you.
You die...

#..............#
#.#
####.##.########
#.# #.##.# #.# #
#g##.# #.# #
#.##.#
#############.#
########B##.#
#.............#
.........##.#
#.#############
######g.....# #<#
#.###### #@#
######.#########S#
......#gB.g...##.#
.#####.######.##g#
#.# #.##.# #.#
#.##B# #.# #.##g#
#.# #g##.# ..#
#B##.#


You could see a gnoll, an adder, a giant cockroach and a goblin.

Vanquished Creatures
  An ooze (D:1)
  A worm (D:2)
  A leopard gecko (D:1)
  3 bats (D:1)
  A giant cockroach (D:2)
  4 goblins
  4 hobgoblins
  5 kobolds
  A ball python (D:2)
  A frilled lizard (D:1)
  3 rats
25 creatures vanquished.

Notes
Turn   | Place    | Note
-------+----------+-------------------------------------------
     0 | D:1      | phalm the Draconian Chaos Knight began the quest for the
                  | Orb.
     0 | D:1      | Reached XP level 1. HP: 19/19 MP: 1/1
   271 | D:1      | XOM: divination: detect items
   381 | D:1      | Reached XP level 2. HP: 25/26 MP: 2/2
   720 | D:1      | XOM: silly message
  1211 | D:2      | XOM: butterfly on damage
  1262 | D:2      | Reached XP level 3. HP: 16/33 MP: 3/3
  1569 | D:2      | XOM: torment (18/33 hp)
  1570 | D:2      | Noticed Robin
  1570 | D:2      | XOM: 4-stop teleportation journey
  1621 | D:2      | XOM: divination: detect items
  1628 | D:2      | HP: 1/33 [adder (2)]
  1630 | D:2      | XOM: chaos upgrade
  1636 | D:2      | Slain by an adder

Illustrated notes

Levels and vault maps discovered:
D:1:      roderic_chinese_lattice_arrival, layout_loops_ring
D:2:      layout_loops_ring, lemuel_coloured_pillars_altar,
          nicolae_overflow_hidden_temple, uniq_robin

Action                   || total
-------------------------++-------
Melee: Falchion          ||    68
       Tailslap          ||     8
  Use: Potion            ||     3
Armor: Skin              ||    33
Dodge: Dodged            ||    53
       Rpst.: Falchion   ||    10
